 Dungeon Crawl Stone Soup version 0.27.1-33-g824d729ab1 (webtiles) character file.

Game seed: 16687308877102291736

308 ces the Sneak (level 6, 0/30 HPs)
             Began as a Spriggan Hunter on Dec 13, 2021.
             Splashed by Ijyb's acid (11 damage)
             ... on level 5 of the Dungeon.
             The game lasted 00:07:06 (3756 turns).

ces the Sneak (Spriggan Hunter)                     Turns: 3756, Time: 00:07:06

Health: 0/30       AC: -2    Str:  8    XL:     6   Next: 16%
Magic:  7/7        EV: 22    Int: 13    God:
Gold:   180        SH:  0    Dex: 17    Spells: 5/5 levels left

rFire    . . .     SeeInvis +   b - +0 short sword
rCold    . . .     Faith    .   (shield restricted)
rNeg     . . .     Spirit   .   c - +0 robe
rPois    .         Reflect  .   (helmet restricted)
rElec    .         Harm     .   (no cloak)
rCorr    .         Rampage  .   (gloves unavailable)
Will     +....                  (boots unavailable)
Stlth    ++++......             f - amulet of regeneration
HPRegen  1.10/turn              s - +4 ring of evasion
MPRegen  0.10/turn              (no ring)

@: corroded, very quick
A: very small, no large weapons, unfitting armour, see invisible, speed 3
a: no special abilities


You were on level 5 of the Dungeon.
You visited 1 branch of the dungeon, and saw 5 of its levels.

You collected 180 gold pieces.

Inventory:

Hand Weapons
 a - a +1 hand crossbow
 b - a +0 short sword (weapon)
Missiles
 d - 53 bolts
Armour
 c - a +0 robe (worn)
Jewellery
 f - an amulet of regeneration (around neck)
 s - a +4 ring of evasion (left hand)
Wands
 q - a wand of iceblast (5)
Scrolls
 h - a scroll of amnesia
 i - 3 scrolls of teleportation
Potions
 e - 2 potions of curing
 k - a potion of flight {unknown}
 l - 2 potions of might {unknown}
 m - 2 potions of resistance {unknown}
 p - a potion of cancellation
 r - a potion of heal wounds {unknown}


   Skills:
 - Level 1.5 Fighting
 - Level 3.9 Short Blades
 + Level 4.2 Crossbows
 + Level 3.1 Dodging
 * Level 7.3 Stealth


You had 5 spell levels left.
You didn't know any spells.
Your spell library contained the following spells:

 Spells                   Type           Power      Damage    Failure   Level
 Tukima's Dance           Hex            0%         N/A       67%         3
 Passage of Golubria      Tloc           N/A        N/A       97%         4
 Yara's Violent Unravell  Hex/Tmut       0%         3d3       100%        5


Dungeon Overview and Level Annotations

Branches:
Dungeon (5/15)             Temple (0/1) D:5

Altars:
Sif Muna
Zin

Annotations:
D:5 Ijyb


Innate Abilities, Weirdness & Mutations

You are very small and have problems with some larger weapons.
You are too small for most types of armour.
You have supernaturally acute eyesight. (SInv)
You cover ground extremely quickly. (Speed+++)


Message History

You hear the sound of rushing water.
There is an entrance to a sewer on this level.
Hurry and find it before the portal rusts away!
You hear the slow rusting of a distant drain.
The gnoll misses you.
There is a stone staircase leading up here.
You open the door. The gnoll closely misses you.
The gnoll hits you with a +0 club.
Found a hand crossbow.
There is an open door here.
Found a kite shield.
Found a stone staircase leading down.
You open the door.
Found a staircase to the Ecumenical Temple.
There is an open door here.
You open the door.
There is an open door here.
You hear the slow rusting of a very distant drain.
The gnoll shaman shouts!
The gnoll shouts!
The gnoll shouts! x2
Found a spear.
Found an escape hatch in the ceiling.
The gnoll shaman mumbles some strange prayers to its god against you.
You resist with almost no effort.
Found a potion of curing.
Found a stone staircase leading down.
Found a stone staircase leading up.
Found a potion of curing.
Ijyb the Twisted Goblin comes into view.
She is wielding a +0 dagger and carrying a wand of acid (5).
Ijyb completely misses you.
Really attack while wielding your +1 hand crossbow? [Y]es or [N]o only, please.
Really attack while wielding your +1 hand crossbow?
Okay, then.
b - a +0 short sword (weapon)
You hit Ijyb.
Ijyb is lightly wounded.
Ijyb zaps a wand.
The bolt of acid hits you!!
Ouch! That really hurt!
The acid corrodes you!
You are splashed with acid!
You die...

g......#....#
[......+....#
.g.....#...##.
...###.#....#..
...###.#.####..# #
....)....!....># .#
..!###.#.####..###.#
†#.# #.#...<#...g..#
.#.###..........@#
.....#...........#
.....##..........#
.....##..........#
.....##..........#
.#.####..........#
.#.# #..........#
...# #.......!..#
...# ############


You could see Ijyb.

Vanquished Creatures
  A bullfrog skeleton (D:4)
  Crazy Yiuf (D:4)
  Natasha (D:3)
  An iguana (D:4)
  An orc wizard (D:4)
  Terence (D:3)
  4 adders
  A gnoll (D:4)
  An adder skeleton (D:4)
  A worm (D:4)
  2 dart slugs
  11 orcs
  6 endoplasms
  3 giant cockroaches
  6 goblins
  4 hobgoblins
  3 quokkas
  7 ball pythons
  3 bats
  7 frilled lizards
  2 jackal skeletons (D:4)
  5 kobolds
  3 rats
75 creatures vanquished.

Vanquished Creatures (others)
  An orc wizard (D:4)
  A plant (D:4)
2 creatures vanquished.

Grand Total: 77 creatures vanquished

Notes
Turn   | Place    | Note
-------+----------+-------------------------------------------
     0 | D:1      | ces the Spriggan Hunter began the quest for the Orb.
     0 | D:1      | Reached XP level 1. HP: 10/10 MP: 2/2
    78 | D:1      | Reached skill level 2 in Stealth
   181 | D:1      | Reached skill level 3 in Stealth
   199 | D:1      | Reached XP level 2. HP: 14/14 MP: 3/3
   366 | D:1      | Found a faded altar of an unknown god.
   381 | D:1      | Reached skill level 1 in Short Blades
   946 | D:2      | Reached XP level 3. HP: 18/18 MP: 4/4
  1108 | D:2      | Reached skill level 4 in Stealth
  1726 | D:3      | Noticed Terence
  1730 | D:3      | Killed Terence
  1731 | D:3      | Reached XP level 4. HP: 19/22 MP: 5/5
  2064 | D:3      | Noticed Natasha
  2070 | D:3      | Killed Natasha
  2071 | D:3      | Reached skill level 5 in Stealth
  2380 | D:3      | Found a shimmering blue altar of Sif Muna.
  2566 | D:4      | Reached XP level 5. HP: 16/25 MP: 6/6
  2693 | D:4      | Found a glowing silver altar of Zin.
  2885 | D:4      | Reached skill level 6 in Stealth
  3051 | D:4      | Identified the +1 leather armour of Modesty {rF+ Str+2}
  3134 | D:4      | Reached XP level 6. HP: 27/30 MP: 7/7
  3201 | D:4      | Found a runed translucent door.
  3207 | D:4      | Noticed Crazy Yiuf
  3420 | D:4      | Killed Crazy Yiuf
  3421 | D:4      | Reached skill level 7 in Stealth
  3477 | D:5      | Entered Level 5 of the Dungeon
  3676 | D:5      | Found a staircase to the Ecumenical Temple.
  3745 | D:5      | Noticed Ijyb
  3756 | D:5      | Splashed by Ijyb's acid

Illustrated notes

Levels and vault maps discovered:
D:1:      eino_arrival_druids_welcome, layout_basic,
          hellmonk_ecumenical_altar_run_dry, minmay_pentomino_x4
D:2:      layout_loops_corners
D:3:      layout_loops_ring, lemuel_coloured_pillars_altar, uniq_natasha,
          uniq_terence
D:4:      layout_loops_ring, mainiacjoe_overflow_boulevard, serial_bayou_ford_a,
          uniq_crazy_yiuf_cottage
D:5:      layout_basic, nicolae_dithmenos_the_darkroom,
          minmay_temple_entry_glassed_door, gup_sewer_entry_pipe, uniq_ijyb

Skill      XL: |  1  2  3  4  5  6 |
---------------+-------------------+-----
Stealth        | 3 4 5 6 7 |  7.3
Short Blades   | 1 2 3 |  3.9
Dodging        | 3 |  3.1
Fighting       | |  1.5
Crossbows      | |  4.2

Action                   |  1- 3 |  4- 6 || total
-------------------------+-------+-------++-------
Melee: Short sword       |    52 |   161 ||   213
 Fire: Hand crossbow     |    48 |    63 ||   111
  Use: Scroll            |     1 |     5 ||     6
       Potion            |       |     1 ||     1
 Stab: Distracted        |     1 |       ||     1
       Sleeping          |       |     5 ||     5
Armor: Robe              |     7 |    15 ||    22
Dodge: Dodged            |    73 |   100 ||   173
